AoeStats
← Barney

Arabia

509728412Analyzed
4v4 RM · 6d ago on Sep 27, 2026· 56m 28s· 8 players
Game mode
Random Map
Map size
Large (8 player)
Population
200
Speed
Normal
Resources
Standard
Victory
Conquest
Starting age
Dark Age
Ending age
Imperial Age
RankedLock teamsTeams togetherTeam positionsShared explorationLock speedFull tech treeHidden civsTurbo modeCheats
Victory
Defeat
🇭🇺 Saxons · Hungary
1191
+12
🇭🇺 Hindustanis · Hungary
1155
+14
🇭🇺 Varangians · Hungary
1151
+14
🇭🇺 Saracens · Hungary
1101
+16
🇺🇸 Varangians · United States
1144
-17
🇺🇸 Franks · United States
1128
-15
🇦🇷 Burgundians · Argentina
1117
-14
🇺🇸 Britons · United States
1011
-10
Senshi
9:11 Loom
11:13 Feudal Age
12:11 Horse Collar
14:03 Bloodlines
24:01 Castle Age
22:37 Wheelbarrow
24:00 Forging
27:51 Heavy Plow
29:23 Double-Bit Axe
32:22 Scale Barding Armor
33:13 Iron Casting
35:39 Chain Barding Armor
40:43 Fletching
46:21 Husbandry
48:58 Imperial Age
48:37 Town Watch
49:56 Cavalier
51:39 Blast Furnace
50:42 Bodkin Arrow
55:08 Light Cavalry
Rendalin
5:20 Loom
10:23 Feudal Age
15:25 Fletching
17:16 Padded Archer Armor
26:31 Castle Age
27:23 Bodkin Arrow
28:01 Crossbowman
30:20 Leather Archer Armor
39:27 Double-Bit Axe
39:35 Horse Collar
41:24 Ballistics
46:13 Gold Mining
47:06 Bow Saw
47:10 Heavy Plow
Big Radahn
11:21 Feudal Age
11:40 Loom
11:56 Double-Bit Axe
13:24 Fletching
14:33 Padded Archer Armor
21:48 Castle Age
21:25 Scale Barding Armor
21:31 Forging
24:07 Husbandry
29:58 Chain Barding Armor
31:29 Gold Mining
31:30 Stone Mining
40:51 Scale Mail Armor
41:27 Iron Casting
41:41 Wheelbarrow
42:51 Chain Mail Armor
47:32 Imperial Age
48:16 Elite Throwing Axeman
50:42 Plate Barding Armor
51:08 Blast Furnace
50:08 Cavalier
54:15 Gold Shaft Mining
54:42 Paladin
56:13 Conscription
BuhoBit
10:30 Feudal Age
9:46 Double-Bit Axe
14:32 Castle Age
13:22 Double-Bit Axe
16:02 Bow Saw
20:01 Horse Collar
20:21 Cavalier
22:01 Husbandry
23:48 Forging
24:58 Gold Mining
26:13 Heavy Plow
27:37 Wheelbarrow
27:22 Scale Barding Armor
30:56 Chain Barding Armor
31:11 Iron Casting
31:40 Town Watch
32:03 Scale Mail Armor
33:11 Squires
32:56 Arson
36:34 Imperial Age
34:21 Hand Cart
39:40 Paladin
42:51 Light Cavalry
46:29 Pikeman
48:41 Conscription
48:59 Gold Shaft Mining
48:56 Crop Rotation
51:53 Chain Mail Armor
52:13 Plate Barding Armor
52:39 Blast Furnace
52:50 Blast Furnace
53:03 Two-Man Saw
51:36 Pikeman
55:05 Plate Mail Armor
55:36 Halberdier
Doppinger
5:04 Loom
11:18 Feudal Age
13:48 Double-Bit Axe
14:11 Horse Collar
15:00 Bloodlines
15:03 Forging
14:58 Scale Barding Armor
21:08 Wheelbarrow
25:18 Castle Age
23:54 Town Watch
24:09 Gold Mining
24:09 Stone Mining
26:19 Husbandry
26:58 Iron Casting
26:44 Chain Barding Armor
27:34 Fletching
30:22 Bodkin Arrow
30:50 Hand Cart
30:46 Heavy Plow
33:40 Light Cavalry
36:52 Ballistics
36:43 Masonry
42:11 Imperial Age
43:00 Gold Shaft Mining
43:00 Stone Shaft Mining
42:42 Bow Saw
42:15 Heavy Camel Rider
43:36 Plate Barding Armor
43:36 Hussar
44:33 Imperial Camel Rider
47:41 Blast Furnace
54:16 Conscription
54:00 Grand Trunk Road
54:36 Hoardings
Barney
10:02 Feudal Age
8:49 Loom
12:06 Double-Bit Axe
20:25 Castle Age
19:04 Fletching
19:56 Padded Archer Armor
21:41 Bodkin Arrow
21:58 Horse Collar
33:46 Scale Mail Armor
34:37 Crossbowman
35:55 Forging
37:10 Bow Saw
39:28 Ballistics
41:39 Murder Holes
43:48 Chain Mail Armor
46:40 Wheelbarrow
45:51 Town Watch
47:35 Squires
47:21 Gambesons
48:12 Iron Casting
51:59 Imperial Age
49:45 Hand Cart
50:08 Thumb Ring
50:56 Leather Archer Armor
52:08 Town Patrol
52:10 Shield Wall
53:22 Heavy Plow
52:46 Arbalester
55:08 Elite Varangian Guard
57:13 Plate Mail Armor
PaLaDiN
4:49 Loom
11:18 Feudal Age
12:57 Horse Collar
17:16 Castle Age
18:03 Husbandry
20:39 Bloodlines
34:48 Scale Barding Armor
34:54 Forging
37:08 Chain Barding Armor
38:36 Heavy Plow
40:47 Squires
44:39 Iron Casting
46:22 Wheelbarrow
48:26 Fletching
54:05 Imperial Age
54:20 Elite Mameluke
56:49 Conscription
Smart on
3:50 Loom
11:08 Feudal Age
18:34 Castle Age
19:17 Elite Skirmisher
21:34 Fletching
Connection lost

Rejoining the realm…

Still unreachable

The connection could not be restored.

Session expired

The server has moved on; the page needs a fresh start.